 Dungeon Crawl Stone Soup version 0.27.1-34-g3ba077fa99 (webtiles) character file.

Game seed: 8070863279494692636

312 MisterFreud the Changer (level 6, 0/47 HPs)
             Began as a Draconian Transmuter on Jan 2, 2022.
             Slain by an orc (1 damage)
             ... on level 4 of the Dungeon.
             The game lasted 00:05:36 (3409 turns).

MisterFreud the Changer (Draconian Transmuter)      Turns: 3409, Time: 00:05:37

Health: 0/47       AC:  6    Str: 12    XL:     6   Next: 18%
Magic:  0/9        EV: 16    Int: 13    God:
Gold:   87         SH:  0    Dex: 14    Spells: 5/9 levels left

rFire    . . .     SeeInvis .     - Unarmed
rCold    + . .     Faith    .   (no shield)
rNeg     . . .     Spirit   .   (armour unavailable)
rPois    .         Reflect  .   (helmet restricted)
rElec    .         Harm     .   (no cloak)
rCorr    .         Rampage  .   (no gloves)
Will     .....                  (no boots)
Stlth    +.........             (no amulet)
HPRegen  0.15/turn              f - +4 ring of evasion
MPRegen  0.11/turn              c - ring of protection from cold

@: lethally poisoned (0 -> -4), very slightly contaminated
A: AC +6, unfitting armour, cold-blooded
a: no special abilities


You were on level 4 of the Dungeon.
You visited 1 branch of the dungeon, and saw 4 of its levels.

You collected 87 gold pieces.

Inventory:

Missiles
 a - 13 poisoned darts
 b - 7 javelins
Jewellery
 c - a ring of protection from cold (right hand)
 f - a +4 ring of evasion (left hand)
 j - a ring of resist corrosion
Wands
 k - a wand of iceblast (4)
Scrolls
 e - a scroll of identify
Potions
 d - 2 potions of ambrosia
 g - a potion of cancellation
 h - a potion of brilliance {unknown}
 i - a potion of curing {unknown}


   Skills:
 - Level 1.1 Fighting
 - Level 1.7 Dodging
 - Level 5.0 Unarmed Combat
 - Level 2.0 Spellcasting
 * Level 5.2 Transmutations


You had 5 spell levels left.
You knew the following spells:

 Your Spells              Type           Power      Damage    Failure   Level
a - Beastly Appendage     Tmut           28%        N/A       3%          1
b - Spider Form           Tmut/Pois      4%         N/A       26%         3

Your spell library contained the following spells:

 Spells                   Type           Power      Damage    Failure   Level
 Wereblood                Tmut           14%        N/A       4%          2
 Ice Form                 Ice/Tmut       8%         N/A       65%         4


Dungeon Overview and Level Annotations

Branches:
Dungeon (4/15)
 Temple: D:4-7

Altars:

Annotations:
D:3 Ijyb


Innate Abilities, Weirdness & Mutations

Your plain brown scales are hard. (AC +6)
You cannot fit into any form of body armour.
You are cold-blooded and may be slowed by cold attacks.


Message History

You climb downwards.
Your transformation has ended.
The orc completely misses you.
There is a stone staircase leading up here.
The orc misses you.
You hit the orc but do no damage. The orc hits you with a +0 flail.
* * * LOW HITPOINT WARNING * * *
You barely miss the orc. Your punch misses the orc. The orc closely misses you.
You hit the orc.
The orc is moderately wounded.
The orc hits you with a +0 flail.
* * * LOW HITPOINT WARNING * * *
Casting: Spider Form (dangerous; 26% risk of failure)
Confirm with . or Enter, or press ? or * to list all spells.
You miscast Spider Form.
You are very lightly contaminated with residual magic.
Nothing appears to happen.
The orc misses you.
Casting: Spider Form (dangerous; 26% risk of failure)
Confirm with . or Enter, or press ? or * to list all spells.
You miscast Spider Form.
Nothing appears to happen.
The orc barely misses you.
There is a stone staircase leading down here.
Casting: Spider Form (dangerous; 26% risk of failure)
Confirm with . or Enter, or press ? or * to list all spells.
You miscast Spider Form.
Nothing appears to happen.
The orc closely misses you.
Casting: Spider Form (dangerous; 26% risk of failure)
Confirm with . or Enter, or press ? or * to list all spells.
You don't have enough magic to cast this spell.
Your magical contamination has completely faded away.
You see here a +0 club.
Things that are here:
a +0 whip; a +0 spear; a gnoll skeleton
Casting: Spider Form (dangerous; 26% risk of failure)
Confirm with . or Enter, or press ? or * to list all spells.
You miscast Spider Form.
You are very lightly contaminated with residual magic.
You feel odd!
You are poisoned.
* * * LOW HITPOINT WARNING * * *
x2 You feel sick.
The orc hits you with a +0 flail.
You die...

#.# #.#........# #.#
#.##.###.### # #.# #.##.#
#l# #.###.# ###.##.# #.#
......########.#.##.###.#
#.......l...........>...#
#####.######.#.#..#.#####
#.#####.##.#..#.#
#####....))..l.o@...#
...########.##.##.#.#
##.###.........#.##.#
#.#.....####.#.# #.#
#.#.....#####.## #.#
#............... ..#
###.....##### ######
#.....# ###.###


You could see an orc and a frilled lizard.

Vanquished Creatures
  A phantom (D:4)
  A howler monkey (D:3)
  An orc priest (D:4)
  A centaur skeleton (D:4)
  3 adders
  3 gnolls (D:4)
  2 worms (D:2)
  An orc (D:4)
  4 ball pythons
  5 bats
  6 endoplasms
  2 giant cockroaches
  11 goblins
  3 hobgoblins
  A jackal (D:4)
  8 kobolds
  6 quokkas
  A frilled lizard (D:2)
  7 rats
67 creatures vanquished.

Notes
Turn   | Place    | Note
-------+----------+-------------------------------------------
     0 | D:1      | MisterFreud the Draconian Transmuter began the quest for
                  | the Orb.
     0 | D:1      | Reached XP level 1. HP: 16/16 MP: 3/3
   212 | D:1      | Reached XP level 2. HP: 19/23 MP: 3/5
   691 | D:1      | Reached XP level 3. HP: 27/28 MP: 4/6
  1962 | D:2      | Learned a level 3 spell: Spider Form
  2101 | D:2      | Reached XP level 4. HP: 27/35 MP: 5/7
  2305 | D:3      | Noticed Ijyb
  2661 | D:4      | Noticed a phantom
  2692 | D:4      | Killed a phantom
  2693 | D:4      | Reached XP level 5. HP: 17/40 MP: 3/8
  3171 | D:4      | Reached XP level 6. HP: 29/47 MP: 5/9
  3174 | D:4      | Reached skill level 5 in Transmutations
  3355 | D:4      | Reached skill level 5 in Unarmed Combat
  3409 | D:4      | HP: 1/47 [poisoned by miscasting Spider Form]
  3409 | D:4      | Slain by an orc

Illustrated notes

Levels and vault maps discovered:
D:1:      nzn_arrival_settlement, layout_basic, minmay_pentomino_s4
D:2:      layout_loops_cross, small_statue_intersection
D:3:      layout_rooms, zin_academy, mainiacjoe_overflow_cross_hatched,
          serial_shops, shop_scrolls, uniq_ijyb
D:4:      layout_loops_ring, minmay_starry_boxes

Skill      XL: |  1  2  3  4  5  6 |
---------------+-------------------+-----
Unarmed Combat | 4 5 |  5.0
Transmutations | 3 4 5 |  5.2
Fighting       | |  1.1
Dodging        | |  1.7
Spellcasting   | |  2.0

Action                   |  1- 3 |  4- 6 || total
-------------------------+-------+-------++-------
Melee: Unarmed           |   119 |   104 ||   223
       Kick              |    20 |     6 ||    26
       Tailslap          |     7 |     3 ||    10
       Headbutt          |     9 |     4 ||    13
       Punch             |     1 |     3 ||     4
 Cast: Beastly Appendage |    28 |     7 ||    35
       Spider Form       |       |     4 ||     4
  Use: Scroll            |     4 |     1 ||     5
 Stab: Sleeping          |     1 |       ||     1
Armor: Skin              |    29 |    14 ||    43
Dodge: Dodged            |    67 |   103 ||   170
